RES
BANKSTOWN AVIATORS @ CARINGBAH ACES
06/04/2022
 
TOP OF THE 1ST
Bankstown Aviators batting - Pitching for Caringbah Aces : RHP Barney Porrett
Pitching: RHP Barney Porrett
Batting: LHB Ehren Huddlestone 0-0: Ball
1-0: SINGLE (Groundball, 4D, EV 106.9 MPH)
Batting: SHB Josh Lane 0-0: Fly out, F8 (Flyball, 8LXD, EV 86.3 MPH)
Batting: LHB Jaime Scholes 0-0: Called Strike
0-1: Ball
1-1: Called Strike
Ehren Huddlestone steals 2nd base (no throw)
1-2: Foul Ball, location: 7LSF
1-2: Foul Ball, location: 2F
1-2: Foul Ball, location: 2F
1-2: Ball
2-2: Foul Ball, location: 2F
2-2: Strikes out swinging
Batting: RHB Matt Richards 0-0: Foul Ball, location: 3FF
0-1: Ball
1-1: Ball
2-1: Called Strike
2-2: Ball
3-2: Reached on error, E1 (Groundball, 15S, EV 70.0 MPH)
Ehren Huddlestone to third
Batting: LHB Eric Hoddinott 0-0: Called Strike
0-1: Ball
1-1: Ball
2-1: Foul Ball, location: 2LF
2-2: Ground out 1-3 (Groundball, 13S, EV 68.8 MPH)
Top of the 1st over - 0 runs, 1 hit, 1 error, 2 left on base; Bankstown 0 - Caringbah 0
BOTTOM OF THE 1ST
Caringbah Aces batting - Pitching for Bankstown Aviators : RHP Shad Kendrew
Pitching: RHP Shad Kendrew
Batting: LHB Jeff Throsby 0-0: Called Strike
0-1: DOUBLE (Groundball, 5L, EV 108.8 MPH)
Batting: LHB Steve Kinghorn 0-0: Ball
1-0: Foul Ball, location: 7LMF
1-1: Ground out U3 (Groundball, 13, EV 81.9 MPH)
Jeff Throsby to third
Batting: RHB Toby Bailey 0-0: Ball
Wild Pitch!
Jeff Throsby scores
1-0: Called Strike
1-1: Ball
2-1: Foul Ball, location: 3SF
2-2: SINGLE (Groundball, 56D, EV 103.8 MPH)
Batting: RHB O.P. Coggan 0-0: Ball
1-0: Called Strike
Toby Bailey is caught stealing 2nd base 2-4
1-1: Ball
2-1: DOUBLE (Groundball, 5L, EV 108.1 MPH)
Batting: LHB Michael Yaag 0-0: Called Strike
0-1: Ball
1-1: Called Strike
1-2: Strikes out swinging
Bottom of the 1st over - 1 run, 3 hits, 0 errors, 1 left on base; Bankstown 0 - Caringbah 1
TOP OF THE 2ND
Bankstown Aviators batting - Pitching for Caringbah Aces : RHP Barney Porrett
Batting: SHB Steve Ale 0-0: Ball
1-0: SINGLE (Groundball, 4, EV 105.6 MPH) (infield hit)
Batting: RHB Jason Kilmister 0-0: Ball
1-0: Bunted foul
1-1: Ball
2-1: Ball
3-1: Sac Bunt to 15 - play at first, batter OUT! 1-3
Steve Ale to second
Batting: RHB Ben Ravenshaw 0-0: Ball
1-0: Ball
2-0: Ball
3-0: Called Strike
3-1: Called Strike
3-2: SINGLE (Groundball, 4D, EV 98.1 MPH) (infield hit)
Steve Ale to third
Batting: RHB Josh Elgie 0-0: Ball
1-0: Called Strike
1-1: Swinging Strike
1-2: Foul Ball, location: 3F
1-2: Ball
2-2: Ball
3-2: Base on Balls
Ben Ravenshaw to second
Batting: LHB Ehren Huddlestone 0-0: Fly out, F5 (Line Drive, 5, EV 66.9 MPH)
Batting: SHB Josh Lane 0-0: Fly out, F8 (Flyball, 8RD, EV 95.6 MPH)
Top of the 2nd over - 0 runs, 2 hits, 0 errors, 3 left on base; Bankstown 0 - Caringbah 1
BOTTOM OF THE 2ND
Caringbah Aces batting - Pitching for Bankstown Aviators : RHP Shad Kendrew
Batting: RHB Chris Roarty 0-0: Called Strike
0-1: Fly out, F8 (Line Drive, 8LM, EV 102.5 MPH)
Batting: RHB Mo Cockerill 0-0: Ball
1-0: Ball
2-0: Ball
3-0: Base on Balls
Batting: SHB Danny Sandbach 0-0: Called Strike
0-1: Ball
1-1: Foul Ball, location: 2F
1-2: Ball
2-2: Strikes out swinging
Batting: RHB Farris Pluckrose 0-0: Called Strike
0-1: Ball
1-1: Swinging Strike
1-2: Ball
2-2: Foul Ball, location: 2F
2-2: Ball
3-2: Foul Ball, location: 2F
3-2: Strikes out swinging
Bottom of the 2nd over - 0 runs, 0 hits, 0 errors, 1 left on base; Bankstown 0 - Caringbah 1
TOP OF THE 3RD
Bankstown Aviators batting - Pitching for Caringbah Aces : RHP Barney Porrett
Batting: LHB Jaime Scholes 0-0: Called Strike
0-1: Ground out 1-3 (Groundball, 13S, EV 66.3 MPH)
Batting: RHB Matt Richards 0-0: Ball
1-0: Ball
2-0: Foul Ball, location: 25F
2-1: Foul Ball, location: 3SF
2-2: Ball
3-2: Ground out 5-3 (Groundball, 5, EV 102.5 MPH)
Batting: LHB Eric Hoddinott 0-0: Called Strike
0-1: Ball
1-1: Ball
2-1: Ball
3-1: Swinging Strike
3-2: Ground out U3 (Groundball, 3, EV 81.3 MPH)
Top of the 3rd over - 0 runs, 0 hits, 0 errors, 0 left on base; Bankstown 0 - Caringbah 1
BOTTOM OF THE 3RD
Caringbah Aces batting - Pitching for Bankstown Aviators : RHP Shad Kendrew
Batting: LHB Jeff Throsby 0-0: Ball
1-0: Ground out 6-3 (Groundball, 6S, EV 63.1 MPH)
Batting: LHB Steve Kinghorn 0-0: Called Strike
0-1: Swinging Strike
0-2: Ground out 6-3 (Groundball, 6M, EV 103.8 MPH)
Batting: RHB Toby Bailey 0-0: Called Strike
0-1: Ground out 6-3 (Groundball, 6, EV 84.4 MPH)
Bottom of the 3rd over - 0 runs, 0 hits, 0 errors, 0 left on base; Bankstown 0 - Caringbah 1
TOP OF THE 4TH
Bankstown Aviators batting - Pitching for Caringbah Aces : RHP Barney Porrett
Batting: SHB Steve Ale 0-0: Ball
1-0: Ball
2-0: Fly out, F7 (Flyball, 7, EV 95.0 MPH)
Batting: RHB Jason Kilmister 0-0: Called Strike
0-1: Fly out, F7 (Flyball, 7, EV 90.6 MPH)
Batting: RHB Ben Ravenshaw 0-0: Ball
1-0: Ground out 4-3 (Groundball, 34, EV 100.6 MPH)
Top of the 4th over - 0 runs, 0 hits, 0 errors, 0 left on base; Bankstown 0 - Caringbah 1
BOTTOM OF THE 4TH
Caringbah Aces batting - Pitching for Bankstown Aviators : RHP Shad Kendrew
Batting: RHB O.P. Coggan 0-0: Called Strike
0-1: Ball
1-1: Foul Ball, location: 23F
1-2: Ball
2-2: Ball
3-2: Ground out 6-3 (Groundball, 6, EV 90.6 MPH)
Batting: LHB Michael Yaag 0-0: Ball
1-0: Called Strike
1-1: Ball
2-1: Ball
3-1: Fly out, F9 (Flyball, 89M, EV 89.4 MPH)
Batting: RHB Chris Roarty 0-0: Ball
1-0: Fly out, F8 (Flyball, 8LXD, EV 95.0 MPH)
Bottom of the 4th over - 0 runs, 0 hits, 0 errors, 0 left on base; Bankstown 0 - Caringbah 1
TOP OF THE 5TH
Bankstown Aviators batting - Pitching for Caringbah Aces : RHP Barney Porrett
Batting: RHB Josh Elgie 0-0: Called Strike
0-1: Ball
1-1: Fly out, F7 (Flyball, 78D, EV 108.1 MPH)
Batting: LHB Ehren Huddlestone 0-0: Called Strike
0-1: Ball
1-1: Called Strike
1-2: Ball
2-2: Ball
3-2: Foul Ball, location: 2F
3-2: Base on Balls
Batting: SHB Josh Lane 0-0: Called Strike
0-1: Called Strike
0-2: Strikes out swinging
Batting: LHB Jaime Scholes 0-0: Called Strike
0-1: Ball
1-1: Ball
2-1: Fly out, F4 (Popup, 4S, EV 66.3 MPH)
Top of the 5th over - 0 runs, 0 hits, 0 errors, 1 left on base; Bankstown 0 - Caringbah 1
BOTTOM OF THE 5TH
Caringbah Aces batting - Pitching for Bankstown Aviators : RHP Shad Kendrew
Batting: RHB Mo Cockerill 0-0: Ball
1-0: Called Strike
1-1: Foul Ball, location: 25F
1-2: Foul Ball, location: 7LMF
1-2: Ball
2-2: Ball
3-2: Base on Balls
Batting: SHB Danny Sandbach 0-0: Foul Ball, location: 2F
0-1: Fly out, F6 (Popup, 6D, EV 59.4 MPH)
Batting: RHB Farris Pluckrose 0-0: Ball
1-0: Called Strike
1-1: Fly out, F6 (Popup, 4M, EV 76.3 MPH)
Batting: LHB Jeff Throsby 0-0: Called Strike
0-1: Swinging Strike
0-2: Ball
1-2: Fielders Choice at 2nd, 6-4 (Groundball, 6, EV 81.3 MPH)
Bottom of the 5th over - 0 runs, 0 hits, 0 errors, 1 left on base; Bankstown 0 - Caringbah 1
TOP OF THE 6TH
Bankstown Aviators batting - Pitching for Caringbah Aces : RHP Barney Porrett
Batting: RHB Matt Richards 0-0: Ball
1-0: SINGLE (Flyball, 6MD, EV 93.8 MPH)
Batting: LHB Eric Hoddinott 0-0: Called Strike
0-1: Ball
1-1: Ball
2-1: Called Strike
2-2: Grounds into double play, 5-4-3 (Groundball, 5L, EV 85.6 MPH)
Pitching: RHP Riley Hudswell
Batting: SHB Steve Ale 0-0: Called Strike
0-1: SINGLE (Groundball, 56S, EV 75.6 MPH) (infield hit)
Batting: RHB Jason Kilmister 0-0: Ball
1-0: Swinging Strike
1-1: Ball
2-1: Swinging Strike
2-2: Strikes out swinging
Top of the 6th over - 0 runs, 2 hits, 0 errors, 1 left on base; Bankstown 0 - Caringbah 1
BOTTOM OF THE 6TH
Caringbah Aces batting - Pitching for Bankstown Aviators : RHP Shad Kendrew
Batting: LHB Steve Kinghorn 0-0: Called Strike
0-1: Ground out 3-1 (Groundball, 34, EV 63.8 MPH)
Batting: RHB Toby Bailey 0-0: Fly out, F9 (Line Drive, 89M, EV 92.5 MPH)
Batting: RHB O.P. Coggan 0-0: Swinging Strike
0-1: Called Strike
0-2: Strikes out swinging
Bottom of the 6th over - 0 runs, 0 hits, 0 errors, 0 left on base; Bankstown 0 - Caringbah 1
TOP OF THE 7TH
Bankstown Aviators batting - Pitching for Caringbah Aces : RHP Riley Hudswell
Batting: RHB Ben Ravenshaw 0-0: SINGLE (Flyball, 89M, EV 91.9 MPH)
Batting: RHB Josh Elgie 0-0: Bunted foul
0-1: Ball
1-1: Sac Bunt to 13S - play at first, batter OUT! 1-3
Ben Ravenshaw to second
Pitching: LHP Ben Keats
Pinch Hitting: RHB Fredrick Moreton 0-0: Ball
1-0: Ball
2-0: Ball
3-0: Base on Balls
Batting: SHB Josh Lane 0-0: 3-RUN HOME RUN (Flyball, 89XD, EV 102.5 MPH), Distance : 413 ft
Batting: LHB Jaime Scholes 0-0: Swinging Strike
0-1: Called Strike
0-2: Ball
1-2: Ball
2-2: Ball
3-2: Ground out 4-3 (Groundball, 4D, EV 86.9 MPH)
Batting: RHB Matt Richards 0-0: Ball
1-0: Foul Ball, location: 2F
1-1: Swinging Strike
1-2: Ball
2-2: Foul Ball, location: 2F
2-2: Ball
3-2: Ground out 6-3 (Groundball, 6, EV 100.6 MPH)
Top of the 7th over - 3 runs, 2 hits, 0 errors, 0 left on base; Bankstown 3 - Caringbah 1
BOTTOM OF THE 7TH
Caringbah Aces batting - Pitching for Bankstown Aviators : RHP Shad Kendrew
Pitching: LHP Graeme Williamson
Now in LF: Kadin Craze
Batting: LHB Michael Yaag 0-0: Ball
1-0: Foul Ball, location: 5FF
1-1: Ball
2-1: Ball
3-1: Ground out 4-3 (Groundball, 34, EV 103.8 MPH)
Batting: RHB Chris Roarty 0-0: Hit by Pitch
Batting: RHB Mo Cockerill 0-0: Ball
1-0: Called Strike
1-1: Fly out, F7 (Flyball, 78M, EV 95.6 MPH)
Pinch Hitting: RHB Michael Draycott 0-0: Called Strike
0-1: Ball
1-1: Swinging Strike
1-2: Foul Ball, location: 3DF
1-2: Fly out, F8 (Flyball, 8RM, EV 90.0 MPH)
Bottom of the 7th over - 0 runs, 0 hits, 0 errors, 1 left on base; Bankstown 3 - Caringbah 1
TOP OF THE 8TH
Bankstown Aviators batting - Pitching for Caringbah Aces : LHP Ben Keats
Now at SS: Michael Draycott
Batting: LHB Eric Hoddinott 0-0: Ball
1-0: Foul Ball, location: 7LSF
1-1: Foul Ball, location: 3F
1-2: Ground out 4-3 (Groundball, 34, EV 103.1 MPH)
Batting: SHB Steve Ale 0-0: Foul Ball, location: 5F
0-1: Ball
1-1: Ball
2-1: Swinging Strike
2-2: Strikes out swinging
Batting: RHB Jason Kilmister 0-0: Called Strike
0-1: Foul Ball, location: 3F
0-2: Ball
1-2: Fly out, F9 (Flyball, 9D, EV 93.1 MPH)
Top of the 8th over - 0 runs, 0 hits, 0 errors, 0 left on base; Bankstown 3 - Caringbah 1
BOTTOM OF THE 8TH
Caringbah Aces batting - Pitching for Bankstown Aviators : LHP Graeme Williamson
Now at 1B: Steve Ale
Now at 3B: Michael Kemball
Batting: RHB Farris Pluckrose 0-0: Called Strike
0-1: Ball
1-1: Ball
2-1: Ball
3-1: SINGLE (Groundball, 4MD, EV 106.9 MPH)
Pinch Hitting: SHB Jess Herbert 0-0: Ball
1-0: Called Strike
1-1: Ball
2-1: Foul Ball, location: 3F
2-2: Ball
3-2: Base on Balls
Farris Pluckrose to second
Batting: LHB Steve Kinghorn 0-0: Called Strike
0-1: Sac Bunt to P - play at third, runner OUT! 1-5
Jess Herbert to second
Batting: RHB Toby Bailey 0-0: Ball
1-0: Ball
2-0: Called Strike
2-1: Grounds into double play, 5-4-3 (Groundball, 56D, EV 86.9 MPH)
Bottom of the 8th over - 0 runs, 1 hit, 0 errors, 1 left on base; Bankstown 3 - Caringbah 1
TOP OF THE 9TH
Bankstown Aviators batting - Pitching for Caringbah Aces : LHP Ben Keats
Now in LF: Jess Herbert
Now in RF: Toby Bailey
Batting: RHB Ben Ravenshaw 0-0: Foul Ball, location: 7LSF
0-1: SINGLE (Groundball, 13, EV 69.4 MPH) (infield hit)
Batting: RHB Josh Elgie 0-0: Called Strike
0-1: Sac Bunt to 3S - play at first, batter safe!
Ben Ravenshaw to second
Batting: RHB Kadin Craze 0-0: Ball
1-0: Called Strike
1-1: Fielders Choice at 2nd, 6-4 (Groundball, 6, EV 85.0 MPH)
Ben Ravenshaw to third
Batting: SHB Josh Lane 0-0: Fly out, F5 (Popup, 6S, EV 79.4 MPH)
Pinch Hitting: RHB Kylan Gresty 0-0: Called Strike
0-1: Ball
1-1: Foul Ball, location: 7LSF
1-2: Ball
2-2: Strikes out swinging
Top of the 9th over - 0 runs, 2 hits, 0 errors, 2 left on base; Bankstown 3 - Caringbah 1
BOTTOM OF THE 9TH
Caringbah Aces batting - Pitching for Bankstown Aviators : LHP Graeme Williamson
Pitching: RHP Richie Frawley
Now at 1B: Sam McDonald
Now in RF: Steve Ale
Batting: RHB O.P. Coggan 0-0: Ball
1-0: Called Strike
1-1: SINGLE (Groundball, 6MD, EV 95.0 MPH)
Batting: LHB Michael Yaag 0-0: Called Strike
0-1: Ball
1-1: Called Strike
1-2: Foul Ball, location: 2F
1-2: Ball
2-2: Ball
3-2: Foul Ball, location: 5F
3-2: Strikes out looking
Batting: RHB Chris Roarty 0-0: SINGLE (Line Drive, 89M, EV 97.5 MPH)
O.P. Coggan to second
Batting: RHB Mo Cockerill 0-0: Called Strike
0-1: Ball
1-1: Ball
2-1: Ball
3-1: Foul Ball, location: 5SF
3-2: Fly out, F8 (Flyball, 8LD, EV 99.4 MPH)
Batting: RHB Michael Draycott 0-0: Ball
1-0: Ball
2-0: Called Strike
2-1: Called Strike
2-2: Strikes out swinging
Bottom of the 9th over - 0 runs, 2 hits, 0 errors, 2 left on base; Bankstown 3 - Caringbah 1
Tuesday, April 30th , 2024 - OOTP Baseball 24.9 Build 80